 Dungeon Crawl Stone Soup version 0.31-a0-441-g867994ef1c (webtiles) character file.

Game seed: 4857107031348114482

75509 floatRand the Formicid Catastrophe (level 15, -1/101 HPs)
             Began as a Formicid Fighter on Aug 2, 2023.
             Was an Elder of Qazlal.
             Shot themself with a blast of ice (23 damage)
             ... on level 13 of the Dungeon.
             The game lasted 00:34:05 (24472 turns).

floatRand the Formicid Catastrophe (FoFi)          Turns: 24472, Time: 00:34:05

Health: -1/101     AC: 34    Str: 27    XL:     15   Next: 98%
Magic:  28/28      EV: 11    Int:  9    God:    Qazlal [****..]
Gold:   265        SH: 23    Dex: 13    Spells: 14/14 levels left

rFire   . . .        b - +3 battleaxe (freeze)
rCold   . . .        p - +0 tower shield
rNeg    . . .        h - +7 plate armour "Ycisopn" {rPois}
rPois   +            (helmet unavailable)
rElec   .            C - +2 cloak
rCorr   .            u - +1 pair of gloves
SInv    +            r - +0 pair of boots
Will    +....        (no amulet) Stlth
                     f - +4 ring of protection
HPRegen 0.36/turn    G - +5 ring of evasion
MPRegen 0.21/turn

%: repel missiles
@: no status effects
A: permanent stasis, dig shafts and tunnels, antennae 3, four strong arms
a: Dig, Shaft Self, Renounce Religion, Upheaval, Elemental Force


You were on level 13 of the Dungeon.
You worshipped Qazlal.
Qazlal was greatly pleased with you.
You visited 4 branches of the dungeon, and saw 21 of its levels.
You also visited: Sewer.

You collected 1656 gold pieces.
You spent 1391 gold pieces at shops.

Inventory:

Hand Weapons
 a - a +1 war axe
 b - a +3 battleaxe of freezing (weapon)
 c - a +1 battleaxe of venom
 B - a +3 quarterstaff of chaos
Missiles
 y - 6 throwing nets
Armour
 g - a +0 pair of gloves of stealth
 h - the +7 plate armour "Ycisopn" (worn) {rPois}
   (You bought it in a shop on level 2 of the Orcish Mines)

   rPois:     It protects you from poison.
 p - a +0 tower shield (worn)
 r - a +0 pair of boots (worn)
 u - a +1 pair of gloves (worn)
 z - quicksilver dragon scales
 C - a +2 cloak (worn)
Jewellery
 f - a +4 ring of protection (left hand)
 i - a ring of flight
 s - a ring of willpower
 G - a +5 ring of evasion (right hand)
 I - a ring of resist corrosion
Wands
 v - a wand of flame (41)
 E - a wand of polymorph (6)
 F - a wand of roots (11)
 J - a wand of digging (16)
 L - a wand of charming (16)
Scrolls
 e - 3 scrolls of fear
 j - a scroll of revelation
 k - a scroll of summoning
 w - 2 scrolls of enchant armour
 H - 2 scrolls of immolation
 M - 2 scrolls of identify
 N - a scroll of amnesia
 R - a scroll of enchant weapon
Potions
 d - 6 potions of curing
 l - 3 potions of mutation
 m - 5 potions of attraction
 n - 2 potions of magic
 o - 2 potions of cancellation
 x - 6 potions of enlightenment
 A - a potion of ambrosia
 D - a potion of resistance
 P - a potion of might
Miscellaneous
 q - a tin of tremorstones (2/2)
 t - a phantom mirror
 O - a phial of floods


   Skills:
 + Level 4.5 Fighting
 * Level 15.5 Axes
 + Level 13.1 Armour
 + Level 14.0 Shields
 * Level 18.8 Invocations


You had 14 spell levels left.
You didn't know any spells.
Your spell library contained the following spells:

 Spells                   Type           Power      Damage    Failure   Level
 Kiss of Death            Conj/Necr      0%         2d5       100%        1
 Magic Dart               Conj           0%         1d3       100%        1
 Necrotise                Necr           0%         1d4       100%        1
 Sandblast                Erth           0%         2d4       100%        1
 Cigotuvi's Dreadful Rot  Necr/Pois/Air  0%         N/A       100%        2
 Ensorcelled Hibernation  Hex/Ice        0%         N/A       100%        2
 Lesser Beckoning         Tloc           0%         N/A       100%        2
 Momentum Strike          Conj/Tloc      0%         3d8       100%        2
 Passwall                 Tmut/Erth      0%         N/A       100%        2
 Searing Ray              Conj           0%         2d4       100%        2
 Confusing Touch          Hex            0%         N/A       100%        3
 Gell's Gravitas          Tloc           0%         N/A       100%        3
 Hailstorm                Conj/Ice       0%         3d3       100%        3
 Inner Flame              Hex/Fire       0%         N/A       100%        3
 Stone Arrow              Conj/Erth      0%         3d7       100%        3
 Teleport Other           Tloc           0%         N/A       100%        3
 Vampiric Draining        Necr           0%         2d6       100%        3
 Anguish                  Hex/Necr       0%         N/A       100%        4
 Dispel Undead            Necr           0%         3d6       100%        4
 Flame Wave               Conj/Fire      0%         2d4       100%        4
 Fulminant Prism          Conj/Hex       0%         3d5       100%        4
 Sticky Flame             Conj/Fire      0%         2d3       100%        4
 Summon Ice Beast         Ice/Summ       0%         N/A       100%        4
 Agony                    Necr           0%         N/A       100%        5
 Summon Forest            Summ/Tloc      0%         N/A       100%        5
 Summon Mana Viper        Hex/Summ       0%         N/A       100%        5
 Death Channel            Necr           0%         N/A       100%        6
 Simulacrum               Ice/Necr       0%         N/A       100%        6
 Summon Cactus Giant      Summ           0%         N/A       100%        6
 Blink                    Tloc           Unusable   N/A       N/A         2
 Swiftness                Air            Unusable   N/A       N/A         3

Dungeon Overview and Level Annotations

Branches:
Dungeon (13/15)            Temple (1/1) D:6            Lair (5/5) D:10
 Shoals (0/4) Lair:2       Spider (0/4) Lair:3        Slime (0/5) Lair:4
    Orc (2/2) D:9             Elf (0/3) Orc:2         Sewer (visited)
 Vaults: D:13-14

Altars:
Ashenzari
Cheibriados
Dithmenos
Elyvilon
Fedhas
Gozag
Hepliaklqana
Kikubaaqudgha
Makhleb
Nemelex Xobeh
Okawaru
Qazlal
Ru
Sif Muna
Trog
Uskayaw
Vehumet
Wu Jian
Xom
Yredelemnul
Zin
The Shining One
Lugonu

Shops:
Orc:2 **?(

Portals:
Abyss: Lair:5
Trove: D:10 (give +4 demon trident)

Annotations:
D:4 3 runed translucent doors, Reshi88's ghost, novice MiFi
D:12 1 runed translucent door
Lair:3 1 runed translucent door, bmj180's ghost, journeyman GrFE
Orc:1 1 runed translucent door


Innate Abilities, Weirdness & Mutations

You cannot be hasted, slowed, berserked, paralysed or teleported.
You can dig through walls and to a lower floor.
You have a pair of large antennae on your head. (SInv)
Your four strong arms can wield two-handed weapons with a shield.


Message History

Snorg is moderately wounded.
You block Snorg's attack. x2; Snorg claws you but does no damage.
You barely miss Snorg.
Snorg is moderately wounded.
Snorg bites you. You block Snorg's attack. Snorg claws you but does no damage.
You block Snorg's attack. Snorg claws you but does no damage. Snorg claws you.
Unknown command.
Unknown command.
You slice Snorg!!
Snorg looks as sick as possible!
Snorg is heavily wounded.
You block Snorg's attack. x2; Snorg claws you but does no damage.
Your +1 battleaxe of venom stops dripping with poison.
Your +3 battleaxe of freezing glows with a cold blue light!
b - a +3 battleaxe of freezing (weapon)
You block Snorg's attack. Snorg claws you but does no damage. x2
Unknown command.
Unknown command.
You hit Snorg. You freeze Snorg.
Snorg is severely wounded.
Snorg bites you. You block Snorg's attack. Snorg claws you!
Unknown command.
Unknown command.
You slice Snorg!! You freeze Snorg.
Snorg is severely wounded.
You block Snorg's attack. x3; Snorg bites you!!
* * * LOW HITPOINT WARNING * * *
You block Snorg's attack. Snorg claws you!
* * * LOW HITPOINT WARNING * * *
Unknown command.
Unknown command.
Aiming: Upheaval
Press: ? - help, Dir - move target That beam is likely to hit you.
Continue anyway?
A blizzard blasts the area with ice!
The blast of ice hits Snorg!!!
You kill Snorg!
Qazlal accepts your kill.
The troll leather armour {Snorg} is intact enough to wear.
The blast of ice hits you!!
You die...

......#........#....#......#
..#########....#....#
..#.................#
..#.................# .
..#.................#,..
###..[#######...#####...
.......# #.°§°.......
.......# ..#..§°.......
.......# ...#...@[......
..#....# ...#..(#####...
..#....#....#...# ..
..#...##....#....
............#....
............#....
###.....[...#...
..#.........#...
..#†..#.....#


There were no monsters in sight!

Vanquished Creatures
  A war gargoyle (D:12)
  Snorg (D:13)
  Erolcha (Orc:1)
  8 hydras
  A catoblepas (Lair:5)
  3 boulder beetles
  2 centaur warriors (D:13)
  5 death yaks (Lair:3)
  2 two-headed ogres
  5 orc high priests (Orc:2)
  3 thrashing horrors (Lair:5)
  A large abomination (Lair:5)
  A skyshark (Lair:4)
  9 orc knights (Orc:2)
  Pikel (D:6)
  A lindwurm (Lair:3)
  An orc sorcerer (Orc:2)
  5 cyclopes
  A deep elf pyromancer (D:12)
  A salamander (shapeshifter) (D:13)
  A manticore (D:13)
  3 ugly things
  4 elephants (Lair:5)
  A merfolk siren (Lair:2)
  6 black mambas
  2 smoke demons (Lair:5)
  9 gargoyles
  A torpor snail (Lair:4)
  A torpor snail (shapeshifter) (Lair:5)
  Psyche (D:12)
  6 komodo dragons
  5 cane toads
  3 rime drakes
  An unseen horror (D:11)
  3 kobold demonologists
  6 trolls
  A meliai (Lair:3)
  28 blink frogs
  4 slime creatures (D:12)
  A raiju (Lair:5)
  2 vampires
  A ynoxinul (Lair:5)
  4 wyverns
  A spriggan (Lair:5)
  3 wraiths
  57 yaks
  7 basilisks
  Grum (D:9)
  2 chaos spawn (Lair:5)
  A warg (Orc:2)
  11 vampire mosquitoes
  2 acid dragons
  14 water moccasins
  Duvessa (D:4)
  12 small abominations (Lair:5)
  32 orc warriors
  Pargi (Sewer)
  An ice beast (D:7)
  2 sky beasts
  A black bear (Lair:4)
  5 ogres
  23 wolves
  8 centaurs
  3 lemures (D:6)
  A phantom (D:4)
  5 kobold brigands
  2 gnoll sergeants
  3 scorpions
  13 bullfrogs
  Dowan (D:4)
  6 killer bees (Lair:3)
  4 howler monkeys
  A troll skeleton (D:11)
  5 spriggan skeletons (D:11)
  5 jellies
  19 orc priests
  3 hounds
  Crazy Yiuf (D:7)
  A gnoll bouda (D:6)
  4 iguanas
  A scorpion zombie (D:4)
  12 orc wizards
  16 gnolls
  5 adders
  A white imp (D:5)
  An adder zombie (D:4)
  A worm (D:2)
  49 orcs
  11 endoplasms
  6 giant cockroaches
  6 goblins
  5 hobgoblins
  6 jackals
  15 kobolds
  4 quokkas (D:4)
  8 ball pythons
  4 bats
  3 frilled lizards
  5 rats
568 creatures vanquished.

Vanquished Creatures (collateral kills)
  Frances (D:12)
1 creature vanquished.

Vanquished Creatures (others)
  A blink frog (Lair:5)
  An orc warrior (Orc:2)
  An orc priest (Orc:2)
3 creatures vanquished.

Grand Total: 572 creatures vanquished

Notes
Turn   | Place    | Note
-------+----------+-------------------------------------------
     0 | D:1      | floatRand the Formicid Fighter began the quest for the Orb.
     0 | D:1      | Reached XP level 1. HP: 18/18 MP: 1/1
   607 | D:1      | Reached XP level 2. HP: 24/24 MP: 2/2
  1156 | D:2      | Reached XP level 3. HP: 22/29 MP: 3/3
  1836 | D:2      | Reached XP level 4. HP: 35/35 MP: 4/4
  2084 | D:3      | Reached XP level 5. HP: 37/41 MP: 5/5
  2130 | D:3      | Found a faded altar of an unknown god.
  2551 | D:4      | Noticed Duvessa
  2551 | D:4      | Noticed Dowan
  2638 | D:4      | Noticed an ogre
  2657 | D:4      | Reached skill level 5 in Axes
  2851 | D:4      | Found a glowing drain.
  2883 | Sewer    | Entered a sewer
  2896 | Sewer    | Reached XP level 6. HP: 46/47 MP: 6/6
  2929 | Sewer    | Noticed Pargi
  2950 | Sewer    | Killed Pargi
  3321 | D:4      | Reached XP level 7. HP: 52/52 MP: 7/7
  3404 | D:4      | Identified the +3 hand axe "Nyfrocw" {heavy, Contam rN++}
  3575 | D:4      | Found a runed translucent gate.
  3575 | D:4      | Found a runed translucent gate.
  3575 | D:4      | Found a runed translucent gate.
  3575 | D:4      | Noticed Reshi88's ghost (novice MiFi)
  3577 | D:4      | Found a basalt altar of Yredelemnul.
  3626 | D:4      | Killed Duvessa
  3636 | D:4      | Killed Dowan
  4382 | D:5      | Entered Level 5 of the Dungeon
  4481 | D:5      | Reached XP level 8. HP: 31/58 MP: 8/8
  4855 | D:5      | Found a blossoming altar of Fedhas.
  4981 | D:5      | Found a hazy altar of Hepliaklqana.
  5538 | D:6      | Found a burning altar of Makhleb.
  5543 | D:6      | Found a sacrificial altar of Ru.
  5659 | D:6      | Found a white marble altar of Elyvilon.
  5666 | D:6      | Reached skill level 10 in Axes
  5669 | D:6      | Found a glowing golden altar of the Shining One.
  5772 | D:6      | Found a staircase to the Ecumenical Temple.
  5788 | Temple   | Entered the Ecumenical Temple
  5821 | Temple   | Became a worshipper of Qazlal Stormbringer
  6006 | D:6      | Reached skill level 1 in Invocations
  6006 | D:6      | Reached XP level 9. HP: 64/64 MP: 9/9
  6021 | D:6      | Reached skill level 2 in Invocations
  6065 | D:6      | Noticed Pikel
  6081 | D:6      | Killed Pikel
  6082 | D:6      | Reached skill level 4 in Invocations
  6364 | D:7      | Reached skill level 5 in Invocations
  6442 | D:7      | Found a glowing silver altar of Zin.
  6671 | D:7      | Reached skill level 5 in Armour
  6833 | D:7      | Found a runed translucent door.
  6834 | D:7      | Noticed Crazy Yiuf
  6983 | D:7      | Reached skill level 6 in Invocations
  7193 | D:7      | Killed Crazy Yiuf
  7329 | D:8      | Reached * piety under Qazlal
  7623 | D:8      | Reached XP level 10. HP: 70/70 MP: 14/14
  7652 | D:8      | Reached skill level 7 in Invocations
  7675 | D:8      | Reached skill level 8 in Invocations
  8123 | D:9      | Found a staircase to the Orcish Mines.
  8243 | D:9      | Found a radiant altar of Vehumet.
  8366 | D:9      | Noticed Grum
  8374 | D:9      | Reached skill level 9 in Invocations
  8388 | D:9      | Killed Grum
  8390 | D:9      | Reached skill level 5 in Shields
  8550 | D:9      | Found an ancient bone altar of Kikubaaqudgha.
  9197 | D:10     | Entered Level 10 of the Dungeon
  9226 | D:10     | Found a staircase to the Lair.
  9265 | D:10     | Reached XP level 11. HP: 75/75 MP: 18/18
  9289 | D:10     | Reached skill level 10 in Invocations
  9446 | D:10     | Found a portal to a secret trove of treasure.
  9594 | D:10     | Reached ** piety under Qazlal
 10013 | D:11     | Reached skill level 11 in Invocations
 10784 | D:11     | Noticed a cyclops
 10802 | D:11     | Killed a cyclops
 10824 | D:11     | Noticed a sun demon
 11183 | D:11     | Noticed a boulder beetle
 11184 | D:11     | Noticed a two-headed ogre
 11203 | D:11     | Killed a two-headed ogre
 11204 | D:11     | Reached skill level 12 in Invocations
 11204 | D:11     | Reached XP level 12. HP: 77/81 MP: 19/21
 11295 | D:11     | HP: 4/81 [boulder beetle (32)]
 11316 | D:11     | Killed a boulder beetle
 11833 | D:12     | Found a runed translucent door.
 11834 | D:12     | Noticed a boulder beetle
 11850 | D:12     | Killed a boulder beetle
 11900 | D:12     | Noticed a one-headed hydra
 11900 | D:12     | Noticed a one-headed hydra
 11900 | D:12     | Noticed a one-headed hydra
 11900 | D:12     | Noticed a one-headed hydra
 11900 | D:12     | Noticed a one-headed hydra
 11901 | D:12     | Noticed a one-headed hydra
 11901 | D:12     | Noticed a one-headed hydra
 11901 | D:12     | Noticed a one-headed hydra
 11901 | D:12     | Noticed a one-headed hydra
 11901 | D:12     | Noticed a one-headed hydra
 11901 | D:12     | Noticed a one-headed hydra
 11902 | D:12     | Noticed a one-headed hydra
 11903 | D:12     | Noticed a one-headed hydra
 11903 | D:12     | Noticed a one-headed hydra
 11903 | D:12     | Noticed a one-headed hydra
 11903 | D:12     | Noticed a one-headed hydra
 11903 | D:12     | Noticed a one-headed hydra
 12007 | D:12     | Noticed Psyche
 12013 | D:12     | Killed Psyche
 12083 | D:12     | Reached skill level 13 in Invocations
 12229 | D:12     | Reached *** piety under Qazlal
 12584 | D:12     | Noticed a boulder beetle
 12641 | D:12     | Killed a boulder beetle
 12708 | D:12     | Noticed Frances
 12721 | D:12     | Killed Frances
 13278 | D:12     | Noticed a war gargoyle
 13287 | D:12     | Reached XP level 13. HP: 86/86 MP: 16/23
 13290 | D:12     | Killed a war gargoyle
 13291 | D:12     | Reached skill level 14 in Invocations
 13306 | D:12     | Reached skill level 10 in Armour
 13318 | D:12     | Reached skill level 10 in Shields
 13498 | D:12     | Noticed a one-headed hydra
 13498 | D:12     | Noticed a one-headed hydra
 13499 | D:12     | Noticed a one-headed hydra
 13499 | D:12     | Noticed a one-headed hydra
 13499 | D:12     | Noticed a one-headed hydra
 13642 | Lair:1   | Entered Level 1 of the Lair of Beasts
 14834 | Lair:2   | Reached skill level 15 in Invocations
 15600 | Lair:2   | Found a staircase to the Shoals.
 15906 | Lair:3   | Reached **** piety under Qazlal
 16077 | Lair:3   | Found a runed translucent door.
 16077 | Lair:3   | Found a shimmering altar of Xom.
 16077 | Lair:3   | Noticed bmj180's ghost (journeyman GrFE)
 16078 | Lair:3   | Identified the +4 battleaxe of Eternal Harmony {chaos,
                  | *Corrode rF+ Dex+4}
 16175 | Lair:3   | Noticed a four-headed hydra
 16182 | Lair:3   | Killed a four-headed hydra
 16216 | Lair:3   | Reached XP level 14. HP: 48/93 MP: 22/25
 16345 | Lair:3   | Reached skill level 16 in Invocations
 16602 | Lair:3   | Identified the +5 mace of Coni {chaos, rElec rC+}
 16630 | Lair:3   | Found a hole to the Spider Nest.
 18479 | Lair:4   | Reached skill level 17 in Invocations
 18499 | Lair:4   | Found a staircase to the Slime Pits.
 19243 | Lair:5   | Entered Level 5 of the Lair of Beasts
 19936 | Lair:5   | Reached XP level 15. HP: 84/98 MP: 27/27
 20875 | Lair:5   | Found a corrupted altar of Lugonu.
 20876 | Lair:5   | Found a one-way gate to the infinite horrors of the Abyss.
 21173 | Lair:5   | Reached skill level 18 in Invocations
 21453 | Orc:1    | Entered Level 1 of the Orcish Mines
 21456 | Orc:1    | Noticed Erolcha
 21462 | Orc:1    | Killed Erolcha
 21470 | D:9      | Reached skill level 15 in Axes
 21762 | Orc:1    | Found a runed translucent door.
 21765 | Orc:1    | Noticed a balrug
 21885 | Orc:2    | Entered Level 2 of the Orcish Mines
 22073 | Orc:2    | Found a staircase to the Elven Halls.
 22538 | Orc:2    | Reached ***** piety under Qazlal
 23484 | Orc:2    | Found Bunoxkifoq's Weapon Boutique.
 23484 | Orc:2    | Found Neavohif's Magic Scroll Boutique.
 23485 | Orc:2    | Found Viguabas's General Store.
 23485 | Orc:2    | Found Nuxoiti's General Store.
 23499 | Orc:2    | Bought the +7 plate armour "Ycisopn" {rPois} for 1107 gold
                  | pieces
 23514 | Orc:2    | Bought a +0 pair of gloves of stealth for 149 gold pieces
 23515 | Orc:2    | Bought a scroll of revelation for 135 gold pieces
 24438 | D:13     | Identified the +5 leather armour of Spaghetti {Dex+3}
 24456 | D:13     | Noticed Snorg
 24472 | D:13     | Killed Snorg
 24472 | D:13     | Shot themself with a blast of ice

Illustrated notes

Levels and vault maps discovered:
D:1:      evilmike_arrival_rings, layout_basic, serial_co_window_serial,
          co_window_paths_b, co_window_paths_a, co_window_paths_b,
          co_window_paths_b, co_window_of_opportunity_a, co_window_corner_b,
          co_window_corner_ca, co_window_unsneaky_path_d, glass_columns_b,
          glass_columns_c, glass_columns_a, glass_columns_a,
          reono_crystal_passage
D:2:      cheibrodos_old_hovel, layout_loops_ring, amethyst_killhole
D:3:      layout_loops_ring, ebering_ecumenical_altar_mist
D:4:      layout_basic, nicolae_yredelemnul_ghost_church, gup_sewer_entry_pipe,
          patterned_corridor, uniq_duvessa
D:5:      layout_cave_pools, mainiacjoe_overflow_surrounded_room,
          lemuel_coloured_pillars_altar, chequers_decorated_corner,
          kennysheep_decorative_pillar, nicolae_the_louvre
D:6:      layout_rooms, grunt_temple_overflow_cloverleaf,
          minmay_temple_entry_antechambers, st_stairs_8, uniq_pikel
D:7:      layout_gridville, zin_academy, uniq_crazy_yiuf_cottage
D:8:      layout_rooms
D:9:      layout_gridville, kennysheep_mini_moat, vehumet_crystals,
          nicolae_benzene_ring, uniq_grum
D:10:     layout_rooms, lair_entry_dummy, nicolae_trove_entry_diagonal
D:11:     layout_basic, minmay_misc_feat_doors,
          eino_small_chamber_without_monster, minmay_misc_feat_pillars,
          hangedman_tell_no_tales
D:12:     gargoyle_guard, layout_irregular_city, minmay_misc_feat_square,
          nicolae_hydra_factorization, uniq_frances, uniq_psyche
D:13:     layout_grid_maze, unseen_surprise_small, uniq_snorg
Temple:   nicolae_temple_godzebo
Lair:1:   layout_regular_city
Lair:2:   layout_regular_city, minmay_shoals_entry_lonely_mermaid,
          fungi_pond_lemuel, cheibrodos_lair_caveside_slide,
          beast_lair_carwin_11
Lair:3:   layout_cave_pods, hellmonk_spider_entry_not_the_bees,
          ebering_ghost_xom, gauntlet_entry_generic,
          infiniplex_staircase_pool_2, grunt_megastairs_4
Lair:4:   layout_cave_pods, nicolae_slime_entry_slimehenge, st_stairs_9
Lair:5:   hellmonk_lair_end_abyssal_woods, layout_hall_layers,
          chequers_serial_rivers_large_b
Orc:1:    dreamdust_dug_too_deep, layout_caves, uniq_erolcha
Orc:2:    st_orc_pillars, layout_diamond_mine

Skill      XL: |  1  2  3  4  5  6  7  8  9 10 11 12 13 14 15 |
---------------+----------------------------------------------+-----
Axes           | 3 4 5 7 8 10 11 12 13 14 15 | 15.5
Invocations    | 1 6 9 12 13 15 17 18 | 18.8
Armour         | 5 7 8 9 11 12 13 | 13.1
Shields        | 5 7 9 11 12 14 | 14.0
Fighting       | 4 |  4.5

Action                     |  1- 3 |  4- 6 |  7- 9 | 10-12 | 13-15 || total
---------------------------+-------+-------+-------+-------+-------++-------
  Melee: War axe           |    97 |   107 |   275 |   298 |       ||   777
         Battleaxe         |       |       |       |   312 |  1160 ||  1472
 Invoke: Upheaval          |       |       |       |     3 |    28 ||    31
         Elemental Force   |       |       |       |     1 |       ||     1
  Evoke: Wand              |       |       |       |     7 |     4 ||    11
         Tin of tremorston |       |       |       |     1 |     2 ||     3
         Phial of floods   |       |       |       |       |     1 ||     1
    Use: Potion            |       |     1 |       |     1 |     5 ||     7
         Scroll            |       |       |    16 |     6 |     4 ||    26
   Stab: Distracted        |       |       |       |     1 |       ||     1
         Petrified         |       |       |       |       |     2 ||     2
 Armour: Scale mail        |    43 |    63 |    37 |       |       ||   143
         Chain mail        |       |       |   129 |   278 |   298 ||   705
         Plate armour      |       |       |       |       |    39 ||    39
  Dodge: Dodged            |    45 |    51 |    95 |   124 |   364 ||   679
         Repelled          |       |       |       |       |     5 ||     5
  Block: Buckler           |    24 |    33 |    66 |     6 |       ||   129
         Tower shield      |       |       |       |   500 |  1419 ||  1919

Table legend: (Time is in decaauts)
 A = Elapsed time spent in this place.
 B = Non-inter-level travel time spent in this place.
 C = Inter-level travel time spent in this place.
 D = Time resting spent in this place.
 E = Time spent auto-exploring this place.
 F = Levels seen in this place.
 G = Mean time per level.
                   A        B        C        D        E       F      G
               +--------+--------+--------+--------+--------+-----+--------+
         Total |  25383 |  24745 |    638 |   5315 |  12757 |  22 | 1153.8 |
       Dungeon |  14901 |  14507 |    394 |   3026 |   7792 |  13 | 1146.2 |
        Temple |     74 |     74 |      0 |      0 |      0 |   1 |   74.0 |
          Lair |   7937 |   7726 |    211 |   1536 |   3971 |   5 | 1587.4 |
  Orcish Mines |   2191 |   2158 |     33 |    595 |    961 |   2 | 1095.5 |
         Sewer |    279 |    279 |      0 |    158 |     32 |   1 |  279.0 |
               +--------+--------+--------+--------+--------+-----+--------+

Top non-repeatable levels by time:
  Lair:5: 2152 daAuts
    D:12: 1958 daAuts
    D:11: 1820 daAuts
  Lair:4: 1801 daAuts
   Orc:2: 1721 daAuts
     D:4: 1610 daAuts
  Lair:3: 1488 daAuts
  Lair:2: 1385 daAuts
     D:9: 1338 daAuts
    D:10: 1113 daAuts
  Lair:1: 1109 daAuts
     D:7: 1024 daAuts
     D:1: 985 daAuts
     D:5: 955 daAuts
     D:6: 945 daAuts
